 Dungeon Crawl Stone Soup version 0.27-a0-906-g0a00ce863d (webtiles) character file.

Game seed: 10921204156535081877

38 mhtbhm the Skirmisher (level 3, -6/36 HPs)
             Began as a Gargoyle Berserker on Apr 7, 2021.
             Was a Follower of Trog.
             Mangled by an ogre
             ... wielding a +0 giant club
              (21 damage)
             ... on level 2 of the Dungeon.
             The game lasted 00:01:06 (1680 turns).

mhtbhm the Skirmisher (Gargoyle Berserker)          Turns: 1680, Time: 00:01:07

Health: -6/36      AC:  5    Str: 21    XL:     3   Next: 43%
Magic:  3/3        EV: 12    Int: 13    God:    Trog [*.....]
Gold:   37         SH:  0    Dex:  9    Spells: 2/2 levels left

rFire    . . .     SeeInvis .   a - +0 mace
rCold    . . .     Faith    .   (no shield)
rNeg     + . .     Spirit   .   b - +0 animal skin
rPois    ∞         Reflect  .   (no helmet)
rElec    +         Harm     .   (no cloak)
rCorr    .         Rampage  .   (no gloves)
Will     .....                  (no boots)
Stlth    ..........             (no amulet)
HPRegen  0.12/turn              e - +6 ring of intelligence
MPRegen  0.08/turn              (no ring)

@: berserking, very quick
A: AC +3, negative energy resistance 1, electricity resistance, torment
resistance 1, unbreathing 1, petrification resistance
a: Renounce Religion, Berserk


You were on level 2 of the Dungeon.
You worshipped Trog.
Trog was aware of your devotion.
You visited 1 branch of the dungeon, and saw 2 of its levels.

You collected 37 gold pieces.

Inventory:

Hand Weapons
 a - a +0 mace (weapon)
Armour
 b - a +0 animal skin (worn)
Jewellery
 e - a +6 ring of intelligence (left hand)
Scrolls
 c - 3 scrolls of identify {unknown}
 f - a scroll of fog {unknown}
 g - a scroll of torment {unknown}
 i - a scroll of teleportation {unknown}
Potions
 d - a potion of cancellation {unknown}
 h - a potion of invisibility {unknown}


   Skills:
 + Level 4.1 Fighting
 + Level 3.5 Maces & Flails
 + Level 2.3 Armour
 + Level 1.8 Dodging


You had 2 spell levels left.
You didn't know any spells.
Your spell library was empty.

Dungeon Overview and Level Annotations

Branches:
Dungeon (2/15)

Altars:

Shops:
D:1 (


Innate Abilities, Weirdness & Mutations

Your stone body is resilient. (AC +3)
You are immune to poison.
You resist negative energy. (rN+)
You are resistant to electric shocks. (rElec)
You are resistant to unholy torment.
You can survive without breathing.
You are immune to petrification.


Message History

No target in view!
No target in view!
No target in view!
No target in view!
No target in view!
No target in view!
You see here a ball python corpse.
i - a scroll labelled ICETRUYFRI You open the door.
There is an open door here.
c - 3 scrolls labelled TONNAICYMUY (gained 1)
Found 13 stones.
Found a stone staircase leading down.
An ogre comes into view. It is wielding a +0 giant club.
Found a runed coral ring.
The ogre closely misses you.
You see here a +6 ring of strength.
You hit the ogre.
The ogre is lightly wounded.
The ogre hits you with a +0 giant club.
You thump the ogre!
The ogre is heavily wounded.
The ogre completely misses you.
You hit the ogre.
The ogre is severely wounded.
The ogre hits you with a +0 giant club!
You are too injured to fight recklessly!
You are too injured to fight recklessly!
You are too injured to fight recklessly!
You are too injured to fight recklessly!
You are too injured to fight recklessly!
You are too injured to fight recklessly!
You are too injured to fight recklessly!
You are too injured to fight recklessly!
You are too injured to fight recklessly!
A red film seems to cover your vision as you go berserk!
You feel yourself moving faster!
You feel mighty!
The ogre hits you with a +0 giant club!!
Ouch! That really hurt!
You die...

########
#....=.#
+......+
#......#
+O.>...+
#@.....#
#......#
#.(....#
#......#
###......#
#........#
#.....####
#.....#
#.#.....#


You could see an ogre.

Vanquished Creatures
  A gnoll (D:1)
  3 ball pythons
  2 endoplasms
  2 giant cockroaches (D:1)
  3 goblins
  5 hobgoblins (D:1)
  A jackal (D:1)
  A quokka (D:2)
  A bat (D:1)
  A frilled lizard (D:1)
  2 kobolds (D:1)
  3 rats (D:1)
25 creatures vanquished.

Vanquished Creatures (others)
  A fungus (D:1)
1 creature vanquished.

Grand Total: 26 creatures vanquished

Notes
Turn   | Place    | Note
-------+----------+-------------------------------------------
     0 | D:1      | mhtbhm the Gargoyle Berserker began the quest for the Orb.
     0 | D:1      | Reached XP level 1. HP: 14/14 MP: 1/1
   224 | D:1      | Found a faded altar of an unknown god.
   258 | D:1      | Reached XP level 2. HP: 10/19 MP: 2/2
   594 | D:1      | Reached skill level 4 in Fighting
   594 | D:1      | Reached XP level 3. HP: 9/24 MP: 3/3
   990 | D:1      | Found Piosup's Weapon Shop.
  1673 | D:2      | Noticed an ogre
  1680 | D:2      | Mangled by an ogre

Illustrated notes

Levels and vault maps discovered:
D:1:      lemuel_arrival_muddy, layout_loops_ring, shapermc_ecumenical_altar_gd,
          serial_shops, nicolae_shop_trees, minmay_ruptured
D:2:      layout_basic

Skill      XL: |  1  2 |
---------------+-------+-----
Fighting       | 4 |  4.1
Maces & Flails | |  3.5
Armour         | |  2.3
Dodging        | |  1.8

Action                   || total
-------------------------++-------
Melee: Mace              ||    80
Invok: Berserk           ||     2
Armor: Animal skin       ||    20
Dodge: Dodged            ||    55

Table legend: (Time is in decaauts)
 A = Elapsed time spent in this place.
 B = Non-inter-level travel time spent in this place.
 C = Inter-level travel time spent in this place.
 D = Time resting spent in this place.
 E = Time spent auto-exploring this place.
 F = Levels seen in this place.
 G = Mean time per level.
                   A        B        C        D        E       F      G
               +--------+--------+--------+--------+--------+-----+--------+
         Total |   1703 |   1703 |      0 |    376 |   1065 |   2 |  851.5 |
       Dungeon |   1703 |   1703 |      0 |    376 |   1065 |   2 |  851.5 |
               +--------+--------+--------+--------+--------+-----+--------+

Top non-repeatable levels by time:
     D:1: 1512 daAuts
     D:2: 190 daAuts
